 Dungeon Crawl Stone Soup version 0.30.1-9-gdf580d7c3d (webtiles) character file.

Game seed: 8942267548549608011

2 Ironcache the Shooter (level 1, 18/18 HPs)
             Began as an Armataur Hunter on Oct 2, 2023.
             Quit the game on level 1 of the Dungeon.
             The game lasted 00:03:33 (43 turns).

Ironcache the Shooter (Armataur Hunter)               Turns: 43, Time: 00:03:33

Health: 18/18      AC:  4    Str: 16    XL:     1   Next: 25%
Magic:  1/1        EV:  9    Int:  9    God:
Gold:   0          SH:  0    Dex: 13    Spells: 0/0 levels left

rFire   . . .        a - +0 shortbow
rCold   . . .        (shield currently unavailable)
rNeg    . . .        c - +0 leather armour
rPois   .            (no helmet)
rElec   .            (no cloak)
rCorr   .            (no gloves)
SInv    .            (no barding)
Will    .....        (no amulet)
Stlth   +            (no ring)
HPRegen 0.23/turn    (no ring)
MPRegen 0.07/turn

%: roll
@: no status effects
A: large, rugged brown scales 3, deformed body, armoured tail, roll, long
tongue, awkward tongue
a: no special abilities


You were on level 1 of the Dungeon.
You visited 1 branch of the dungeon, and saw 1 of its levels.

Inventory:

Hand Weapons
 a - a +0 shortbow (weapon)
Armour
 c - a +0 leather armour (worn)
Scrolls
 b - a scroll of immolation
 d - a scroll of identify {unknown}
Potions
 e - a potion of flight {unknown}


   Skills:
 + Level 1.8 Fighting
 + Level 3.0 Ranged Weapons
 + Level 1.3 Dodging
 + Level 1.1 Stealth


You couldn't memorise any spells.
You didn't know any spells.
Your spell library was empty.

Dungeon Overview and Level Annotations

Branches:
Dungeon (1/15)

Altars:

Annotations:
D:1 1 transporter


Innate Abilities, Weirdness & Mutations

You are completely covered in rugged brown scales. (AC +3, +7% HP)
Armour fits poorly on your strangely shaped body.
You have a long armoured tail.
You roll when moving toward enemies. (Rampage)
Your long tongue fully drains potion bottles. (2x potion effects)
Your tongue gives you trouble enunciating. (1.5x scroll delay)


Message History

Welcome, Ironcache the Armataur Hunter.
It is said that the Orb of Zot exists deep within this dungeon.
Press ? for a list of commands and other information.
Found a staircase leading out of the dungeon.
Found a transporter.
A kobold comes into view. It is wielding a +0 club.
You shoot an arrow. The arrow hits the kobold.
You kill the kobold!
You hear a shout!
A kobold comes into view. It is wielding a +0 club.
Found a hand axe and 9 gold pieces.
The kobold throws a stone.
The stone closely misses you.
You shoot an arrow. The arrow closely misses the kobold.
You shoot an arrow. The arrow barely misses the kobold.
The kobold throws a stone.
The stone hits you but does no damage.
You shoot an arrow. The arrow hits the kobold.
The kobold is moderately wounded.
You shoot an arrow. The arrow hits the kobold.
You kill the kobold!
Your Ranged Weapons skill increases to level 3!
d - a scroll labelled VIJEJO AWKIY
Things that are here:
a +0 club; 3 stones
e - a fuming silvery potion Unknown command.
You shoot an arrow.
Unknown command.
Unknown command.
Your movement speed is average.
Your attack delay is about 1.3.
Your damage rating with your +0 shortbow is about 10 (Base 9 x 107% (Dex) x 109% (Skill)).
Your movement speed is average.
Your attack delay is about 1.3.
Your damage rating with your +0 shortbow is about 10 (Base 9 x 107% (Dex) x 109% (Skill)).
Are you sure you want to abandon this character and quit the game? (Confirm with "yes".)

.# # .# #$ .#
$...
#.#####.#..#..
#......)#.....
#.......#....##
#.)............
#....@.......#
#....)......#
#.####......#
...####......#
....
#..........#
...
#...##.#####
... #..###.#
..##.##.#.#
#####.##.#


There were no monsters in sight!

Vanquished Creatures
  2 kobolds (D:1)
2 creatures vanquished.

Notes
Turn   | Place    | Note
-------+----------+-------------------------------------------
     0 | D:1      | Ironcache the Armataur Hunter began the quest for the Orb.
     0 | D:1      | Reached XP level 1. HP: 18/18 MP: 1/1
    37 | D:1      | Reached skill level 3 in Ranged Weapons
    43 | D:1      | Quit the game

Illustrated notes

Levels and vault maps discovered:
D:1:      spicycebolla_arrival_risky_transporter, layout_basic

Skill      XL: |  1 |
---------------+----+-----
Ranged Weapons | 3 |  3.0
Fighting       | |  1.8
Dodging        | |  1.3
Stealth        | |  1.1

Action                     || total
---------------------------++-------
   Fire: Shortbow          ||     6
 Armour: Leather armour    ||     1
  Dodge: Dodged            ||     1
